 Dungeon Crawl Stone Soup version 0.25-a0-308-geac79542e2 (webtiles) character file.

Game seed: 16866365234308815396, levelgen mode: deterministic

7597 tilp the Infuser (level 11, -3/77 HPs)
             Began as a Halfling Skald on Dec 22, 2019.
             Was a Believer of Ashenzari.
             Slain by a white ugly thing (25 damage)
             ... on level 11 of the Dungeon.
             The game lasted 00:43:54 (14463 turns).

tilp the Infuser (Halfling Skald)                  Turns: 14463, Time: 00:43:54

Health: -3/77      AC: 12    Str: 12    XL:     11   Next: 40%
Magic:  0/17       EV: 18    Int: 14    God:    Ashenzari [**....]
Gold:   24         SH:  6    Dex: 15    Spells: 6/18 levels left

rFire    + . .     SeeInvis .   a - +5 falchion (freeze) (curse)
rCold    . . .     Gourm    .   e - +0 buckler
rNeg     . . .     Faith    .   E - +2 robe {MR+}
rPois    +         Spirit   .   m - +2 helmet
rElec    .         Reflect  .   (no cloak)
rCorr    +         Harm     .   G - +1 pair of gloves of a wizard's laboratory {rPois}
MR       +....                  A - +2 pair of boots
Stlth    +++.......             (no amulet)
HPRegen  0.22/turn              w - ring of protection from fire
MPRegen  0.15/turn              y - ring of resist corrosion

@: no status effects
A: small, mutation resistance 1
a: Curse Item, Scrying, Renounce Religion


You were on level 11 of the Dungeon.
You worshipped Ashenzari.
Ashenzari was pleased with you.
You were near starving.

You visited 1 branch of the dungeon, and saw 11 of its levels.

You collected 599 gold pieces.
You spent 575 gold pieces at shops.

Inventory:

Hand Weapons
 a - a cursed +5 falchion of freezing (weapon)
Missiles
 g - 20 boomerangs (quivered)
 t - 37 sling bullets
 u - 9 poisoned darts
Armour
 e - a +0 buckler (worn)
 m - a +2 helmet (worn)
 A - a +2 pair of boots (worn)
 E - a +2 robe of magic resistance (worn)
 G - the +1 pair of gloves of a wizard's laboratory (worn) {rPois}
   (You found it on level 7 of the Dungeon)

   It protects you from poison.
 N - the +5 scale mail of Seul {Int+4}
   (You bought it in a shop on level 5 of the Dungeon)

   It affects your intelligence (+4).
Jewellery
 f - an uncursed ring of teleportation
 w - a ring of protection from fire (left hand)
 y - a ring of resist corrosion (right hand)
Wands
 r - a wand of flame (27)
 B - a wand of paralysis (23)
 I - a wand of disintegration (3)
Scrolls
 d - 4 scrolls of remove curse
 j - a scroll of blinking
 l - a scroll of amnesia
 n - 7 scrolls of teleportation
 o - a scroll of fog
 p - a scroll of magic mapping
 v - 2 scrolls of immolation
 F - 2 scrolls of random uselessness {unknown}
 H - a scroll of enchant armour
 J - 4 scrolls of enchant weapon
 K - a scroll of fear {unknown}
 L - a scroll of holy word {unknown}
 O - a scroll of torment {unknown}
 Q - a scroll of identify
Potions
 b - a potion of magic {unknown}
 h - 4 potions of mutation
 k - 2 potions of agility
 q - 2 potions of brilliance
 s - 2 potions of heal wounds
 x - 2 potions of lignification
 z - 5 potions of flight
 C - a potion of curing
 D - a potion of berserk rage {unknown}
 M - a potion of haste {unknown}
 P - a potion of invisibility {unknown}
 R - a potion of might {unknown}
Comestibles
 c - 24 rations
 i - 2 chunks of flesh


   Skills:
 - Level 8.0 Fighting
   Level 2.4(5.9) Short Blades
 + Level 7.0(9.5) Long Blades
 - Level 1.1 Armour
 - Level 6.0 Dodging
 - Level 4.0 Stealth
 - Level 4.1 Shields
 - Level 4.0 Spellcasting
 - Level 2.0 Hexes
 - Level 8.0 Charms
 - Level 2.0 Necromancy
 - Level 2.1 Translocations
 - Level 4.2 Evocations


You had 6 spell levels left.
You knew the following spells:

 Your Spells              Type           Power        Failure   Level  Hunger
a - Infusion              Chrm           ####         1%          1    None
b - Song of Slaying       Chrm           ####....     1%          2    ##.....
c - Shroud of Golubria    Chrm/Tloc      ###...       4%          2    ##.....
d - Regeneration          Chrm/Necr      ###.......   9%          3    ###....
e - Spectral Weapon       Hex/Chrm       ###.....     9%          3    ###....
f - Animate Skeleton      Necr           N/A          10%         1    None

Your spell library contained the following spells:

 Spells                   Type           Power        Failure   Level  Hunger
 Pain                     Necr           #...         10%         1    None
 Beastly Appendage        Tmut           #.....       22%         1    None
 Vampiric Draining        Necr           #.........   28%         3    ###....
 Sticks to Snakes         Tmut           #.......     32%         2    ##.....
 Spider Form              Tmut/Pois      #.........   54%         3    ###....
 Animate Dead             Necr           N/A          67%         4    ####...
 Ice Form                 Ice/Tmut       #.......     91%         4    ####...
 Blade Hands              Tmut           #.........   99%         5    ######.


Dungeon Overview and Level Annotations

Branches:
Dungeon (11/15)            Temple (0/1) D:6             Orc (0/2) D:10
   Lair: D:8-11

Altars:
Ashenzari
Kikubaaqudgha
Nemelex Xobeh
Okawaru
Uskayaw
The Shining One

Shops:
D:4 ?   D:5 =}=[   D:6 !   D:10 :

Annotations:
D:3 Grinder
D:5 Edmund


Innate Abilities, Weirdness & Mutations

You are small and have problems with some larger weapons.
You are somewhat resistant to further mutation.


Message History

The white ugly thing is moderately wounded.
Your spectral weapon hits the white ugly thing.
Your spectral weapon freezes the white ugly thing.
The orc wizard misses you.
You riposte.
You barely miss the orc wizard.
The orc wizard is heavily wounded.
The orc wizard gestures wildly while chanting.
The orc wizard blinks!
The white ugly thing claws you but does no damage.
You slash the white ugly thing!
The white ugly thing is heavily wounded.
Your spectral weapon hits the white ugly thing!
Your spectral weapon freezes the white ugly thing.
The orc wizard misses you.
You riposte.
You slash the orc wizard! You freeze the orc wizard.
You kill the orc wizard!
The orc wizard gestures wildly while chanting.
The orc wizard seems to speed up.
The white ugly thing claws you!
* * * LOW HITPOINT WARNING * * *
The white ugly thing freezes you!!
You die...

*.#.#.# #.#
,..#.# #o# *#.#.#
#.# #.#.###§#
#....##.#
##....##.#
#........#
#......(u#
#......)@#
###...#).#
#...#..# ##.....#
#.##.##
########.##.#
#....÷[..##.#
#####.######.##.#
......# #[##.#


You could see a white ugly thing, an orc wizard and a friendly spectral +5
falchion of freezing.

Vanquished Creatures
  A manticore (D:11)
  An orc sorcerer (D:10)
  Prince Ribbit (D:7)
  A hippogriff (D:10)
  A spriggan (D:7)
  Eustachio (D:5)
  5 yaks (D:9)
  4 hungry ghosts
  Menkaure (D:5)
  3 wargs (D:11)
  3 orc warriors
  3 ice beasts
  A black bear (D:6)
  3 sky beasts
  2 necrophages
  6 ogres
  2 phantoms
  A big kobold (D:7)
  5 bullfrogs
  A water moccasin zombie (D:11)
  3 scorpions
  A water moccasin skeleton (D:8)
  4 troll zombies (D:10)
  3 wights (D:7)
  A howler monkey (D:3)
  4 crimson imps
  2 bullfrog zombies
  6 human zombies (D:7)
  4 hounds
  5 orc priests
  A jelly (D:9)
  9 orc wizards
  2 iguanas
  8 worker ants
  2 ogre zombies (D:10)
  3 hound skeletons
  A mummy (D:7)
  A worker ant zombie (D:10)
  3 gnolls (D:2)
  15 adders
  2 shadow imps
  8 oozes
  An adder skeleton (D:5)
  An adder zombie (D:10)
  3 worms
  A dart slug (D:4)
  4 leopard geckos
  53 orcs
  9 giant cockroaches
  7 goblins
  9 hobgoblins
  11 jackals
  17 kobolds
  8 quokkas
  8 bats
  7 frilled lizards
  A goblin zombie (D:10)
  A hobgoblin skeleton (D:10)
  5 hobgoblin zombies (D:10)
  A jackal zombie (D:7)
  A leopard gecko zombie (D:7)
  An orc skeleton (D:10)
  12 orc zombies
  17 rats
312 creatures vanquished.

Vanquished Creatures (others)
  An orc warrior (D:6)
  5 spectral weapons
6 creatures vanquished.

Grand Total: 318 creatures vanquished

Notes
Turn   | Place    | Note
-------+----------+-------------------------------------------
     0 | D:1      | tilp the Halfling Skald began the quest for the Orb.
     0 | D:1      | Reached XP level 1. HP: 14/14 MP: 3/3
     1 | D:1      | Found a runed translucent door.
   143 | D:1      | Reached XP level 2. HP: 19/19 MP: 0/4
   448 | D:1      | Learned a level 2 spell: Song of Slaying
   632 | D:1      | Reached skill level 1 in Shields
   824 | D:1      | Reached XP level 3. HP: 24/24 MP: 2/5
   841 | D:1      | Learned a level 2 spell: Shroud of Golubria
  1363 | D:1      | Reached XP level 4. HP: 23/29 MP: 0/6
  1894 | D:2      | Reached XP level 5. HP: 26/34 MP: 2/7
  4068 | D:3      | Reached XP level 6. HP: 41/41 MP: 0/8
  4305 | D:3      | Noticed Grinder
  4328 | D:3      | Paralysed by Grinder for 2 turns
  4367 | D:4      | Found Qurphufe's Magic Scroll Shop.
  4395 | D:4      | Bought a scroll of teleportation for 39 gold pieces
  4395 | D:4      | Bought a scroll of remove curse for 39 gold pieces
  4395 | D:4      | Bought a scroll of identify for 26 gold pieces
  4423 | D:4      | Reached skill level 5 in Charms
  4600 | D:4      | Noticed an ogre
  4649 | D:5      | Entered Level 5 of the Dungeon
  4659 | D:5      | Found Qisk's Jewellery Shoppe.
  4705 | D:5      | Learned a level 3 spell: Regeneration
  4749 | D:5      | Noticed Menkaure
  4785 | D:5      | Killed Menkaure
  4785 | D:5      | Reached XP level 7. HP: 47/47 MP: 1/9
  5489 | D:4      | HP: 1/48 [orc priest/nerve-wracking pain (8)]
  5937 | D:4      | Reached XP level 8. HP: 44/54 MP: 5/12
  6390 | D:4      | Bought a scroll of enchant armour for 97 gold pieces
  6396 | D:4      | Learned a level 3 spell: Spectral Weapon
  6597 | D:5      | Noticed Edmund
  6728 | D:5      | Found Tuhioroc's Jewellery Emporium.
  6777 | D:5      | Found Huat's Gadget Boutique.
  6791 | D:5      | Found a shattered altar of Ashenzari.
  6794 | D:5      | Became a worshipper of Ashenzari the Shackled
  7192 | D:5      | Noticed Eustachio
  7227 | D:5      | Killed Eustachio
  7227 | D:5      | Reached skill level 5 in Fighting
  7228 | D:5      | Found Qipp's Antique Armour Emporium.
  7327 | D:5      | Found a hide-covered altar of Uskayaw.
  7679 | D:6      | Found Habbuff's Distillery.
  7684 | D:6      | Bought a potion of degeneration for 11 gold pieces
  7752 | D:6      | Found a shattered altar of Ashenzari.
  7765 | D:6      | Reached XP level 9. HP: 30/62 MP: 5/15
  8042 | D:6      | Reached skill level 1 in Stealth
  8042 | D:6      | Reached skill level 1 in Evocations
  8165 | D:6      | Found a glowing golden altar of the Shining One.
  8194 | D:6      | Found a staircase to the Ecumenical Temple.
  8398 | D:5      | Bought a pair of gloves for 112 gold pieces
  8773 | D:7      | Found a sparkling altar of Nemelex Xobeh.
  8928 | D:7      | Got the uncursed pair of gloves of a wizard's laboratory
                  | {rPois}
  8939 | D:7      | Identified the +1 pair of gloves of a wizard's laboratory
                  | {rPois} (You found it on level 7 of the Dungeon)
  9740 | D:7      | Found an ancient bone altar of Kikubaaqudgha.
  9859 | D:7      | Reached skill level 1 in Translocations
  9967 | D:7      | Reached skill level 1 in Hexes
  9967 | D:7      | Reached skill level 1 in Necromancy
 10083 | D:7      | Noticed Prince Ribbit
 10090 | D:7      | Killed Prince Ribbit
 10090 | D:7      | Reached XP level 10. HP: 48/68 MP: 11/16
 10605 | D:8      | Reached * piety under Ashenzari
 11257 | D:8      | Reached skill level 1 in Long Blades
 11442 | D:9      | Found a sparkling altar of Nemelex Xobeh.
 11778 | D:9      | Found an iron altar of Okawaru.
 12002 | D:9      | Reached skill level 5 in Long Blades
 12297 | D:9      | Reached ** piety under Ashenzari
 12493 | D:10     | Entered Level 10 of the Dungeon
 12645 | D:10     | Learned a level 1 spell: Animate Skeleton
 12672 | D:10     | Found a staircase to the Orcish Mines.
 12683 | D:10     | Reached skill level 5 in Dodging
 12708 | D:10     | Reached XP level 11. HP: 59/74 MP: 1/17
 12872 | D:10     | Noticed an orc sorcerer
 12918 | D:10     | Killed an orc sorcerer
 13104 | D:10     | Found the +11 plutonium sword {*Contam Stlth-}
 13326 | D:10     | Found Siotoak's Book Shoppe.
 13671 | D:4      | Bought a scroll of identify for 26 gold pieces
 13744 | D:5      | Bought a fine scale mail for 225 gold pieces
 13744 | D:5      | Identified the +5 scale mail of Seul {Int+4} (You bought it
                  | in a shop on level 5 of the Dungeon)
 13938 | D:11     | Noticed a manticore
 13970 | D:11     | Killed a manticore
 14118 | D:11     | Noticed a phantasmal warrior
 14446 | D:11     | Noticed a white ugly thing
 14463 | D:11     | Slain by a white ugly thing

Levels and vault maps discovered:
D:1:      dpeg_arrival_caged_fury, layout_basic
D:2:      layout_loops_ring
D:3:      minmay_diamond_boxcup, layout_basic, hangedman_decor_points,
          uniq_grinder
D:4:      layout_rooms, serial_shops, shop, kennysheep_generic_room_11
D:5:      layout_loops_ring, ashenzari_conservatory_becter, kennysheep_mini,
          serial_shops, shop, shop, shop, kennysheep_mini_moat, first_ration,
          uniq_edmund, uniq_eustachio, uniq_menkaure
D:6:      layout_basic, tso_altar, lemuel_temple_firewalk_b, serial_shops, shop,
          ashenzari_altar_1
D:7:      layout_basic, lemuel_mausoleum_altar_kikubaaqudgha, the_bakery,
          nemelex_xobeh_ov_fountains_minmay, uniq_prince_ribbit1
D:8:      layout_rooms, minivault_25
D:9:      layout_small_grid, overflow_temple_1_default, okawaru_gym_becter,
          minivault_23
D:10:     layout_roguey, zombieorc1_lemuel, serial_shops, shop
D:11:     layout_loops_ring, erik_lair_orcish_takeover, roderic_batcave,
          uniq_erica

Skill      XL: |  1  2  3  4  5  6  7  8  9 10 11 |
---------------+----------------------------------+-----
Charms         | 4 5 6 8 |  8.0
Shields        | 1 2 4 |  4.1
Fighting       | 2 3 4 5 6 8 |  8.0
Spellcasting   | 3 4 |  4.0
Dodging        | 4 5 6 |  6.0
Stealth        | 4 |  4.0
Evocations     | 4 |  4.2
Translocations | 2 |  2.1
Hexes          | 1 2 |  2.0
Necromancy     | 1 2 |  2.0
Long Blades    | 5 7 |  7.0
Short Blades   | |  2.4
Armour         | |  1.1

Action                   |  1- 3 |  4- 6 |  7- 9 | 10-12 || total
-------------------------+-------+-------+-------+-------++-------
Melee: Short sword       |   107 |   310 |   401 |       ||   818
       Dagger            |       |       |   218 |       ||   218
       Falchion          |       |       |    33 |   383 ||   416
Throw: Boomerang         |       |    12 |    16 |     7 ||    35
 Cast: Infusion          |    18 |    18 |    33 |    23 ||    92
       Song of Slaying   |     2 |     6 |     3 |     5 ||    16
       Shroud of Golubri |     1 |     9 |    19 |    16 ||    45
       Spectral Weapon   |       |       |     7 |    18 ||    25
       Regeneration      |       |       |       |     1 ||     1
Evoke: Wand              |       |       |       |     2 ||     2
  Use: Scroll            |       |     5 |    10 |     4 ||    19
       Potion            |       |     1 |     3 |       ||     4
 Stab: Sleeping          |       |       |     8 |    10 ||    18
       Distracted        |       |       |     1 |       ||     1
  Eat: Chunk             |     2 |    10 |    17 |    18 ||    47
       Ration            |       |     1 |     1 |     1 ||     3
Armor: Leather armour    |    16 |    30 |    63 |       ||   109
       Skin              |       |    22 |     9 |       ||    31
       Robe              |       |       |    43 |    90 ||   133
Dodge: Dodged            |    73 |   149 |   331 |   261 ||   814
Block: Buckler           |     4 |    78 |   144 |    89 ||   315
       Rpst.: Falchion   |       |       |     4 |    71 ||    75

Table legend:
 A = Non-vault XP
 B = Vault XP
 C = Vault XP percentage of total XP
 D = Non-vault monster count
 E = Vault monster count
 F = Vault count percentage of total count
                 A         B        C        D         E       F
            +---------+---------+-------+---------+---------+-------
      Total |    7389 |    3465 |  31.9 |     232 |      80 |  25.6
            +---------+---------+-------+---------+---------+-------
        D:1 |      40 |      59 |  59.6 |      26 |      19 |  42.2
        D:2 |     112 |       0 |   0.0 |      24 |       0 |   0.0
        D:3 |     163 |      31 |  16.0 |      25 |       9 |  26.5
        D:4 |     616 |       0 |   0.0 |      30 |       0 |   0.0
        D:5 |     537 |     369 |  40.7 |      19 |       2 |   9.5
        D:6 |     420 |       0 |   0.0 |      13 |       0 |   0.0
        D:7 |     836 |    1068 |  56.1 |      21 |      14 |  40.0
        D:8 |     932 |       0 |   0.0 |      25 |       0 |   0.0
        D:9 |    1523 |       0 |   0.0 |      23 |       0 |   0.0
       D:10 |     923 |    1343 |  59.3 |      14 |      29 |  67.4
       D:11 |    1287 |     595 |  31.6 |      12 |       7 |  36.8
            +---------+---------+-------+---------+---------+-------
